 Dungeon Crawl Stone Soup version 0.26-a0-771-g060e6a6 (webtiles) character file.

Game seed: 11469940938395535342

5775 MrTaco21 the Basher (level 10, -2/56 HPs)
             Began as a Gargoyle Fighter on Nov 8, 2020.
             Was a High Priest of Okawaru.
             Slain by a death yak (8 damage)
             ... on level 7 of the Dungeon.
             The game lasted 00:14:53 (8834 turns).

MrTaco21 the Basher (Gargoyle Fighter)              Turns: 8834, Time: 00:14:54

Health: -2/56      AC: 16    Str: 22    XL:     10   Next: 78%
Magic:  10/10      EV:  7    Int:  8    God:    Okawaru [*****.]
Gold:   266        SH: 18    Dex:  9    Spells: 9/9 levels left

rFire    . . .     SeeInvis +   E - +10 whip of Debt {vorpal, Fragile rN+++ Int-2 SInv}
rCold    + . .     Faith    .   s - +0 tower shield
rNeg     + + +     Spirit   .   b - +0 scale mail
rPois    ∞         Reflect  .   (no helmet)
rElec    +         Harm     .   (no cloak)
rCorr    .         Rampage  .   x - +0 pair of gloves
MR       .....                  n - +0 pair of boots
Stlth    +.........             e - amulet of magic regeneration
HPRegen  0.18/turn              o - ring of protection from cold
MPRegen  0.37/turn              I - ring of stealth

@: mighty
A: negative energy resistance 1, electricity resistance, unbreathing,
petrification resistance, rot immunity, AC +7
a: Heroism, Finesse, Renounce Religion


You were on level 7 of the Dungeon.
You worshipped Okawaru.
Okawaru was extremely pleased with you.
You visited 2 branches of the dungeon, and saw 9 of its levels.
You also visited: Ossuary.

You collected 549 gold pieces.
You spent 283 gold pieces at shops.

Inventory:

Hand Weapons
 r - a +3 mace
   (You took it off an orc on level 2 of the Dungeon)
 E - the +10 whip of Debt (weapon) {vorpal, Fragile rN+++ Int-2 SInv}
   (You took it off a centaur on level 5 of the Dungeon)

   It inflicts extra damage upon your enemies.
   It affects your intelligence (-2).
   It renders you almost immune to negative energy.
   It lets you see invisible.
   It will be destroyed if unequipped.
 H - a +5 dire flail
   (You took it off a wight on level 6 of the Dungeon)
Missiles
 m - 49 poisoned darts (quivered)
Armour
 b - a +0 scale mail (worn)
 n - a +0 pair of boots (worn)
   (You found it on level 2 of the Dungeon)
 s - a +0 tower shield (worn)
   (You bought it in a shop on level 6 of the Dungeon)
 x - a +0 pair of gloves (worn)
   (You found it on level 2 of the Dungeon)
Jewellery
 e - an amulet of magic regeneration (around neck)
   (You found it on level 1 of the Dungeon)
 o - a ring of protection from cold (left hand)
   (You found it on level 3 of the Dungeon)
 y - a +6 ring of dexterity
   (You found it on level 4 of the Dungeon)
 I - a ring of stealth (right hand)
   (You found it on level 5 of the Dungeon)
Wands
 d - a wand of iceblast (7)
   (You found it on level 4 of the Dungeon)
 q - a wand of enslavement (10)
   (You found it on level 2 of the Dungeon)
 K - a wand of polymorph (7)
   (You found it on level 7 of the Dungeon)
Scrolls
 c - 2 scrolls of amnesia {unknown}
 f - 3 scrolls of enchant armour
 i - a scroll of fear {unknown}
 j - 5 scrolls of identify {@r1}
 l - 3 scrolls of remove curse {@r2}
 t - 4 scrolls of teleportation {@r4}
 v - 2 scrolls of blinking {unknown}
 w - 2 scrolls of immolation {!r}
 B - 4 scrolls of fog
 D - 3 scrolls of magic mapping
 J - a scroll of brand weapon {unknown}
 L - a scroll of holy word {unknown}
Potions
 a - a potion of berserk rage {unknown}
 g - 2 potions of mutation {unknown}
 h - 2 potions of attraction {unknown}
 k - a potion of ambrosia {unknown}
 p - 2 potions of flight {unknown}
 u - a potion of heal wounds {@q2}
 z - 3 potions of magic {unknown}
 A - a potion of might
 C - 7 potions of curing {@q1}
 F - a potion of lignification {unknown}
 G - 2 potions of brilliance {unknown}


   Skills:
 - Level 3.2 Fighting
 - Level 12.0 Maces & Flails
 - Level 3.2 Armour
 + Level 11.5 Shields


You had 9 spell levels left.
You didn't know any spells.
Your spell library contained the following spells:

 Spells                   Type           Power        Failure   Level
 Corona                   Hex            #......      100%        1
 Foxfire                  Conj/Fire      #...         100%        1
 Ensorcelled Hibernation  Hex/Ice        #.....       100%        2
 Confusing Touch          Hex            #.......     100%        3
 Conjure Flame            Conj/Fire      #.......     100%        3
 Dazzling Flash           Conj/Hex       #.....       100%        3
 Inner Flame              Hex/Fire       #.......     100%        3
 Tukima's Dance           Hex            #.......     100%        3
 Sticky Flame             Conj/Fire      #.......     100%        4
 Summon Lightning Spire   Summ/Air       #.......     100%        4
 Fireball                 Conj/Fire      #.........   100%        5
 Summon Hydra             Summ           #.........   100%        7
 Dragon's Call            Summ           #.........   100%        9


Dungeon Overview and Level Annotations

Branches:
Dungeon (8/15)             Temple (1/1) D:4         Ossuary (visited)
   Lair: D:8-11

Altars:
Ashenzari
Cheibriados
Dithmenos
Elyvilon
Fedhas
Gozag
Hepliaklqana
Kikubaaqudgha
Makhleb
Nemelex Xobeh
Okawaru
Qazlal
Ru
Sif Muna
Uskayaw
Vehumet
Wu Jian
Xom
Yredelemnul
Zin
The Shining One

Shops:
D:6 [!!}?


Innate Abilities, Weirdness & Mutations

You are resistant to torment.
Your stone body is resilient. (AC +7)
You are immune to poison.
You resist negative energy. (rN+)
You are resistant to electric shocks. (rElec)
You can survive without breathing.
You are immune to petrification.
You are immune to rotting.


Message History

You climb upwards.
There is a stone staircase leading down here.
You hit the death yak. The death yak completely misses you.
You whack the death yak! You hit the death yak but do no damage.
You block the death yak's attack.
Your shield prevents you from hitting the death yak.
You whack the death yak!
The death yak gores you but does no damage.
You whack the death yak! The death yak gores you.
* * * LOW HITPOINT WARNING * * *
You barely miss the death yak. You hit the death yak.
You block the death yak's attack.
You barely miss the death yak. You whack the death yak!
You block the death yak's attack.
You hit the death yak. You barely miss the death yak.
The death yak gores you but does no damage.
You completely miss the death yak. You block the death yak's attack.
You hit the death yak.
You kill the death yak!
Okawaru is honoured by your kill.
Your Shields skill increases to level 11!
You start resting.
You climb downwards.
You block the death yak's attack.
The death yak gores you but does no damage.
The death yak gores you! x2
* * * LOW HITPOINT WARNING * * *
There is a stone staircase leading up here.
The death yak gores you!
* * * LOW HITPOINT WARNING * * *
The death yak gores you but does no damage.
You climb upwards.
There is a stone staircase leading down here.
You feel much better. The death yak gores you!
* * * LOW HITPOINT WARNING * * *
The death yak barely misses you.
You feel very mighty all of a sudden. You block the death yak's attack. x2
You hit the death yak. You hit the death yak. The death yak barely misses you.
You block the death yak's attack.
You whack the death yak! You block the death yak's attack.
The death yak gores you!
* * * LOW HITPOINT WARNING * * *
You hit the death yak. You completely miss the death yak.
The death yak gores you!
* * * LOW HITPOINT WARNING * * *
You block the death yak's attack. The death yak gores you!
You die...

##.#####.....##########........#
#.#..................#........#
#.#.......#..........#........#
##........###..................#
...#...........................#
..........####.....####........#
...#.(....# ###.>.####........#
......#.### #..YY.............#
...####.# #..@.....#........#
......#.######.......###.#######
...##........#.......# #.#
(..####.####...#.##### #.# ...#
#.#####....# #.#
...####)##....#..### ###.##
......#.##.####....###....#
........#..###..##........#
......).....##.####.......#


You could see 2 death yaks.

Vanquished Creatures
  4 death yaks
  A troll (D:7)
  A water moccasin (D:8)
  An ice beast (D:5)
  2 sky beasts
  2 black bears (D:7)
  A phantom (D:6)
  A necrophage (D:5)
  3 ogres
  2 centaurs
  A big kobold (D:3)
  2 bullfrogs
  2 elf zombies (Ossuary)
  3 wights (D:6)
  3 centaur zombies
  4 howler monkeys (D:7)
  A bullfrog zombie (D:6)
  6 hounds
  A jelly (D:7)
  7 orc priests
  A bullfrog skeleton (D:5)
  2 orc wizards
  3 iguanas
  10 worker ants
  A killer bee zombie (D:5)
  A big kobold zombie (Ossuary)
  A hound skeleton (D:5)
  2 mummies (Ossuary)
  3 worker ant zombies
  8 adders
  A shadow imp (D:8)
  2 white imps
  An ooze (D:2)
  2 adder skeletons
  3 dart slugs
  8 leopard geckos
  23 orcs
  5 bats
  5 giant cockroaches
  13 goblins
  9 hobgoblins
  9 jackals
  3 quokkas
  4 frilled lizards (D:1)
  A giant cockroach zombie (D:6)
  A goblin zombie (Ossuary)
  13 hobgoblin zombies (Ossuary)
  2 jackal zombies (Ossuary)
  11 kobolds
  9 kobold zombies (Ossuary)
  A leopard gecko zombie (D:5)
  7 orc zombies (Ossuary)
  9 rats
  A rat zombie (Ossuary)
223 creatures vanquished.

Vanquished Creatures (others)
  An orc (D:5)
  2 fungi (D:3)
  4 plants (D:3)
7 creatures vanquished.

Grand Total: 230 creatures vanquished

Notes
Turn   | Place    | Note
-------+----------+-------------------------------------------
     0 | D:1      | MrTaco21 the Gargoyle Fighter began the quest for the Orb.
     0 | D:1      | Reached XP level 1. HP: 14/14 MP: 1/1
    67 | D:1      | Reached XP level 2. HP: 13/19 MP: 2/2
   249 | D:1      | Reached skill level 3 in Maces & Flails
   422 | D:1      | Reached XP level 3. HP: 21/23 MP: 3/3
  1198 | D:2      | Found a glowing silver altar of Zin.
  1302 | D:2      | Found a shimmering blue altar of Sif Muna.
  1362 | D:2      | Reached skill level 4 in Maces & Flails
  1490 | D:2      | Reached XP level 4. HP: 18/28 MP: 4/4
  1810 | D:3      | HP: 1/28 [orc priest/divine providence (12)]
  2139 | D:3      | Found a stormy altar of Qazlal.
  2140 | D:3      | Found an iron altar of Okawaru.
  2146 | D:3      | Became a worshipper of Warmaster Okawaru
  2165 | D:3      | Noticed a big kobold
  2182 | D:3      | Killed a big kobold
  2182 | D:3      | Reached skill level 5 in Maces & Flails
  2182 | D:3      | Reached XP level 5. HP: 25/32 MP: 5/5
  2787 | D:3      | Found a blossoming altar of Fedhas.
  3277 | D:3      | Reached skill level 6 in Maces & Flails
  3277 | D:3      | Reached XP level 6. HP: 19/37 MP: 6/6
  3487 | D:4      | Found a staircase to the Ecumenical Temple.
  3532 | D:4      | Found a sparkling altar of Nemelex Xobeh.
  3533 | D:4      | Found a hide-covered altar of Uskayaw.
  3533 | D:4      | Found a radiant altar of Vehumet.
  3601 | Temple   | Entered the Ecumenical Temple
  4204 | D:4      | Reached * piety under Okawaru
  4322 | D:4      | Reached skill level 7 in Maces & Flails
  4678 | D:5      | Entered Level 5 of the Dungeon
  4760 | D:5      | Reached XP level 7. HP: 30/41 MP: 7/7
  4892 | D:5      | Identified the +10 whip of Debt {vorpal, Fragile rN+++
                  | Int-2 SInv}
  4901 | D:5      | Reached skill level 8 in Maces & Flails
  5181 | D:5      | Reached ** piety under Okawaru
  5419 | D:6      | Reached skill level 9 in Maces & Flails
  5419 | D:6      | Reached XP level 8. HP: 44/46 MP: 8/8
  5443 | D:6      | Identified the Reference Book on the Birds and the Escort
  5574 | D:6      | Found a sand-covered staircase.
  5619 | Ossuary  | Entered an ossuary
  5787 | Ossuary  | Reached skill level 10 in Maces & Flails
  5913 | D:6      | Reached *** piety under Okawaru
  6184 | D:6      | Found Egachim's Magic Scroll Boutique.
  6190 | D:6      | Bought a scroll of identify for 28 gold pieces
  6190 | D:6      | Bought a scroll of remove curse for 42 gold pieces
  6190 | D:6      | Bought a scroll of identify for 28 gold pieces
  6190 | D:6      | Bought a scroll of identify for 28 gold pieces
  6190 | D:6      | Bought a scroll of identify for 28 gold pieces
  6190 | D:6      | Bought a scroll of magic mapping for 49 gold pieces
  6193 | D:6      | Found Ovaoshur's Gadget Shoppe.
  6254 | D:6      | Found Adghe's Armour Shoppe.
  6264 | D:6      | Bought a cursed +0 tower shield for 15 gold pieces
  6335 | D:6      | Found Xorringol's Distillery.
  6343 | D:6      | Bought a potion of heal wounds for 65 gold pieces
  6350 | D:6      | Found Inish's Distillery.
  6627 | D:5      | Reached skill level 11 in Maces & Flails
  6627 | D:5      | Reached XP level 9. HP: 51/51 MP: 9/9
  7041 | D:7      | Noticed a troll
  7054 | D:7      | Killed a troll
  7297 | D:7      | Reached skill level 12 in Maces & Flails
  7329 | D:7      | Found a hazy altar of Hepliaklqana.
  7382 | D:7      | Reached **** piety under Okawaru
  7613 | D:7      | Reached skill level 5 in Shields
  8410 | D:8      | Reached XP level 10. HP: 56/56 MP: 10/10
  8411 | D:8      | Noticed a two-headed ogre
  8411 | D:8      | Noticed a death yak
  8481 | D:8      | Noticed a death yak
  8483 | D:8      | Noticed a death yak
  8484 | D:8      | Noticed a death yak
  8501 | D:8      | Killed a death yak
  8518 | D:8      | Noticed a death yak
  8520 | D:8      | Killed a death yak
  8520 | D:8      | Reached ***** piety under Okawaru
  8520 | D:8      | Reached skill level 10 in Shields
  8524 | D:8      | Noticed a death yak
  8539 | D:8      | Killed a death yak
  8545 | D:8      | Noticed a death yak
  8560 | D:7      | Killed a death yak
  8834 | D:7      | Slain by a death yak

Illustrated notes

Levels and vault maps discovered:
D:1:      dpeg_arrival_stone_temple_mockup, layout_basic
D:2:      layout_basic, led_sif_pool, zin_academy
D:3:      layout_basic, grunt_temple_overflow_forces_of_nature,
          nicolae_overflow_crystal_walls
D:4:      layout_basic, chequers_temple_overflow_statue_of_worship,
          minmay_temple_entry_tees
D:5:      layout_layer_cave
D:6:      layout_loops_ring, serial_shops, shop, nicolae_shop_stone,
          shop_scrolls, shop, nicolae_shop_statue_plus, enter_ossuary_1
D:7:      minmay_chambers_of_fours, layout_rooms, kennysheep_mini_moat,
          st_stairs_9
D:8:      layout_loops_ring, dpeg_lair_monsters, serial_shops, shop,
          minivault_23, uniq_grum, uniq_prince_ribbit1
Temple:   hc_temple_tempest_star

Skill      XL: |  1  2  3  4  5  6  7  8  9 10 |
---------------+-------------------------------+-----
Maces & Flails | 3 4 5 6 7 9 11 12 | 12.0
Shields        | 8 11 | 11.5
Fighting       | |  3.2
Armour         | |  3.2

Action                   |  1- 3 |  4- 6 |  7- 9 | 10-12 || total
-------------------------+-------+-------+-------+-------++-------
Melee: Flail             |   155 |    37 |       |       ||   192
       Mace              |       |   168 |    64 |       ||   232
       Whip              |       |       |   317 |    71 ||   388
Throw: Dart              |       |       |     4 |    10 ||    14
  Use: Scroll            |       |       |    11 |       ||    11
       Potion            |       |       |     1 |     2 ||     3
Armor: Scale mail        |    86 |   125 |   145 |    10 ||   366
Dodge: Dodged            |    58 |    65 |    67 |     6 ||   196
Block: Kite shield       |   101 |   115 |    91 |       ||   307
       Tower shield      |       |       |    86 |    25 ||   111

Table legend: (Time is in decaauts)
 A = Elapsed time spent in this place.
 B = Non-inter-level travel time spent in this place.
 C = Inter-level travel time spent in this place.
 D = Time resting spent in this place.
 E = Time spent auto-exploring this place.
 F = Levels seen in this place.
 G = Mean time per level.
                   A        B        C        D        E       F      G
               +--------+--------+--------+--------+--------+-----+--------+
         Total |   8809 |   8467 |    342 |   1886 |   4834 |  10 |  880.9 |
       Dungeon |   8361 |   8032 |    329 |   1860 |   4556 |   8 | 1045.1 |
        Temple |    252 |    239 |     13 |     24 |    186 |   1 |  252.0 |
       Ossuary |    195 |    195 |      0 |      2 |     92 |   1 |  195.0 |
               +--------+--------+--------+--------+--------+-----+--------+

Top non-repeatable levels by time:
     D:3: 1392 daAuts
     D:7: 1351 daAuts
     D:6: 1237 daAuts
     D:1: 1063 daAuts
     D:2: 1048 daAuts
     D:4: 1011 daAuts
     D:5: 959 daAuts
     D:8: 296 daAuts
  Temple: 252 daAuts
 Ossuary: 195 daAuts
